Map: [ESL] Ghost River

Players

Wayne - Winner!

  • Race: Zerg Zerg
  • Spawn Location: 1:00

DnS

  • Race: Protoss Protoss
  • Spawn Location: 11:00

Event: ESL SC2 Masters 2024 Spring (Regional)

VOD

Have the link to the VOD?

Description

Time

  • Played on: April 21, 2024, 9:39 a.m.
  • Length: 11:41

All games in this series

Show
View Real Time Build Order
Export as new Build Order

Wayne Zerg - Winner!

Build Orders: Hatch First 

Get SALT Encoding   

  12  0:00  Drone  
  13  0:12  Overlord  
  13  0:17  Drone  
  14  0:30  Drone x2  
  14  0:35  Drone  
  17  0:50  Drone  
  18  0:57  Hatchery  
  17  1:08  Spawning Pool  
  16  1:12  Drone  
  16  1:14  Drone  
  18  1:19  Extractor  
  18  1:22  Drone  
  18  1:40  Drone  
  18  1:44  Hatchery  
  18  1:49  Drone  
  18  1:52  Drone  
  20  1:58  Spore Crawler, Queen  
  20  2:00  Overlord  
  23  2:19  Zergling x2  
  23  2:21  Zergling x2  
  25  2:33  Metabolic Boost  
  25  2:34  Queen  
  27  2:40  Zergling x2, Hatchery  
  27  2:45  Overlord  
  26  2:56  Queen  
  28  3:00  Zergling x4  
  28  3:05  Drone  
  31  3:10  Zergling x2  
  31  3:11  Drone x2  
  33  3:31  Overlord, Drone x4  
  37  3:36  Queen  
  39  3:44  Overlord  
  39  3:46  Drone  
  39  3:47  Drone  
  41  3:49  Drone x2  
  41  3:51  Drone  
  44  4:01  Queen  
  44  4:02  Spore Crawler  
  45  4:06  Drone x2  
  45  4:07  Drone  
  48  4:10  Drone x2  
  48  4:12  Drone  
  48  4:15  Drone  
  51  4:17  Drone  
  51  4:18  Drone  
  51  4:21  Zergling x4  
  52  4:28  Drone  
  52  4:31  Zergling x4  
  52  4:35  Overlord  
  52  4:38  Spore Crawler  
  51  4:39  Evolution Chamber  
  51  4:42  Queen  
  51  4:43  Drone  
  53  4:49  Drone x2  
  55  4:55  Drone x4  
  59  5:03  Hatchery  
  59  5:04  Drone  
  59  5:07  Zerg Melee Weapons Level 1  
  59  5:10  Drone x2  
  59  5:12  Drone  
  62  5:16  Drone x2  
  62  5:18  Drone  
  65  5:21  Queen  
  65  5:25  Spore Crawler  
  65  5:27  Overlord  
  64  5:29  Drone x2  
  64  5:31  Baneling Nest  
  64  5:32  Extractor, Drone  
  64  5:33  Drone  
  64  5:35  Drone  
  67  5:40  Overlord  
  67  5:41  Drone x3  
  70  5:43  Drone x2  
  70  5:46  Zergling x4  
  74  5:50  Zergling x6  
  74  5:52  Overlord  
  74  5:53  Zergling x2  
  78  5:57  Overlord  
  78  6:04  Overlord  
  78  6:05  Zergling x10  
  78  6:08  Zergling x2  
  78  6:10  Lair  
  84  6:13  Zergling x10  
  89  6:19  Overlord  
  89  6:24  Overlord  
  88  6:29  Zergling x10  
  88  6:34  Drone x2  
  88  6:35  Drone x3  
  88  6:36  Roach Warren, Extractor x2  
  90  6:44  Drone x2  
  90  6:45  Drone x2  
  90  6:51  Drone x8  
  98  6:59  Overlord  
  98  7:00  Drone x3  
  101  7:01  Drone  
  101  7:04  Drone x2  
  101  7:08  Hatchery  
  103  7:11  Zerg Melee Weapons Level 2  
  103  7:15  Extractor, Drone x4  
  106  7:18  Overseer  
  106  7:21  Roach x5  
  115  7:24  Overlord  
  115  7:27  Overlord  
  115  7:29  Zergling x8  
  109  7:34  Centrifugal Hooks  
  109  7:35  Glial Reconstitution  
  109  7:38  Drone x2  
  109  7:40  Drone  
  109  7:41  Roach x3  
  118  7:47  Zergling x2  
  118  7:48  Zergling x14  
  118  7:50  Overlord  
  126  7:55  Zergling x10  
  131  8:03  Roach x2  
  131  8:04  Roach  
  137  8:06  Roach  
  137  8:07  Roach  
  137  8:11  Roach x4  
  149  8:15  Overlord  
  149  8:17  Zergling x10  
  154  8:21  Zergling x10  
  159  8:31  Overlord  
  159  8:32  Zergling x8  
  163  8:36  Roach x2  
  163  8:39  Roach  
  163  8:40  Roach x2  
  163  8:41  Ravager x2  
  174  8:42  Baneling x10  
  174  8:43  Overlord x2, Baneling x2  
  174  8:44  Zergling x12  
  181  8:51  Zergling x8  
  184  8:56  Zergling x6  
  184  9:01  Ravager x2  
  184  9:02  Zergling x2  
  186  9:03  Zergling x4, Hatchery  
  186  9:05  Zergling x16  
  186  9:06  Baneling  
  186  9:07  Baneling x5  
  195  9:12  Overlord  
  195  9:15  Zergling x8  
  192  9:27  Zerg Missile Weapons Level 1  
  192  9:28  Zergling x2  
  192  9:29  Zergling x18  
  194  9:33  Zergling x10  
  186  9:41  Roach  
  186  9:43  Roach, Zergling x12  
  186  9:44  Zergling x8  
  176  9:48  Zergling x2  
  176  9:49  Zergling x8  
  173  9:56  Roach x4  
  173  9:59  Zergling x2  
  180  10:01  Baneling x13  
  180  10:02  Baneling x11  
  180  10:03  Zergling x16  
  183  10:08  Drone x2, Extractor  
  183  10:09  Infestation Pit, Drone  
  183  10:12  Zergling x12  
  187  10:16  Zergling x14  
  187  10:21  Zergling x2  
  194  10:26  Zergling x8  
  184  10:32  Zergling x2  
  184  10:33  Zergling x8  
  173  10:36  Zergling x12  
  173  10:39  Baneling x11  
  173  10:46  Roach x11  
  178  10:57  Zergling x14  
  178  11:03  Zergling x10  
  190  11:11  Zergling x28  
  191  11:25  Drone x2  
  192  11:27  Hydralisk Den, Extractor  
  192  11:28  Extractor, Drone x6  
Show
View Real Time Build Order
Export as new Build Order

DnS Protoss 

Build Orders: Oracle Opening 

Get SALT Encoding   

  12  0:00  Probe  
  13  0:12  Probe  
  14  0:18  Pylon  
  14  0:24  Probe (Chrono Boost)  
  15  0:37  Probe (Chrono Boost)  
  15  0:39  Gateway  
  16  0:45  Probe (Chrono Boost)  
  16  0:49  Assimilator  
  17  0:51  Probe  
  18  1:03  Probe  
  19  1:15  Probe  
  20  1:24  Zealot (Chrono Boost)  
  20  1:27  Cybernetics Core, Probe  
  23  1:32  Pylon  
  23  1:51  Probe  
  24  2:03  Probe  
  27  2:13  Nexus  
  25  2:16  Adept (Chrono Boost)  
  27  2:23  Probe  
  27  2:28  Assimilator  
  28  2:35  Probe  
  29  2:43  Pylon  
  29  2:45  Stargate  
  29  2:51  Adept  
  29  2:57  Warp Gate  
  31  3:07  Probe, Gateway  
  32  3:19  Probe  
  33  3:30  Probe (Chrono Boost)  
  33  3:31  Oracle (Chrono Boost)  
  37  3:39  Adept  
  37  3:41  Probe (Chrono Boost)  
  41  3:42  Probe (Chrono Boost)  
  41  3:47  Probe (Chrono Boost)  
  42  3:48  Probe (Chrono Boost)  
  43  3:57  Probe  
  43  3:59  Probe  
  43  4:01  Oracle  
  48  4:09  Probe  
  49  4:11  Probe  
  49  4:21  Probe  
  46  4:28  Probe  
  47  4:33  Probe  
  47  4:40  Nexus, Probe  
  47  4:45  Probe  
  49  4:49  Adept x2  
  49  4:52  Pylon, Probe  
  54  5:01  Pylon, Probe  
  54  5:02  Assimilator  
  54  5:04  Assimilator  
  54  5:07  Oracle (Chrono Boost)  
  54  5:08  Robotics Facility  
  54  5:10  Probe  
  54  5:13  Probe, Adept  
  61  5:16  Pylon  
  61  5:20  Pylon  
  61  5:22  Probe  
  61  5:25  Probe  
  61  5:26  Adept  
  65  5:34  Adept  
  65  5:35  Probe  
  68  5:37  Probe  
  68  5:39  Forge  
  68  5:41  Gateway  
  69  5:48  Sentry  
  73  5:50  Probe (Chrono Boost)  
  73  5:53  Probe x2 (Chrono Boost)  
  74  6:00  Robotics Bay  
  74  6:01  Observer  
  74  6:02  Probe x2 (Chrono Boost)  
  77  6:04  Probe (Chrono Boost)  
  77  6:06  Robotics Facility  
  77  6:10  Probe (Chrono Boost)  
  81  6:11  Probe (Chrono Boost)  
  81  6:12  Probe (Chrono Boost)  
  81  6:16  Probe (Chrono Boost)  
  83  6:18  Probe (Chrono Boost)  
  83  6:19  Probe (Chrono Boost)  
  83  6:22  Shield Battery  
  85  6:30  Probe (Chrono Boost)  
  85  6:31  Probe (Chrono Boost)  
  85  6:32  Observer, Probe (Chrono Boost)  
  87  6:34  Assimilator  
  87  6:35  Assimilator, Immortal  
  87  6:37  Probe  
  92  6:41  Sentry, Stalker  
  92  6:44  Protoss Ground Weapons Level 1 (Chrono Boost), Probe x2  
  94  6:49  Probe  
  95  6:56  Probe x2  
  97  7:03  Pylon  
  97  7:05  Pylon  
  97  7:11  Twilight Council  
  97  7:12  Gateway  
  97  7:13  Gateway  
  97  7:16  Pylon  
  97  7:17  Colossus (Chrono Boost)  
  97  7:18  Pylon, Gateway  
  103  7:25  Colossus (Chrono Boost)  
  109  7:38  Extended Thermal Lance  
  109  7:41  Nexus  
  109  7:42  Pylon  
  109  7:43  Probe x2  
  109  7:44  Probe  
  112  7:46  Pylon  
  112  7:48  Charge, Observer  
  112  7:51  Templar Archives  
  112  7:54  Shield Battery  
  112  7:57  Probe  
  112  7:58  Probe  
  114  7:59  Photon Cannon  
  114  8:00  Colossus (Chrono Boost)  
  120  8:07  Shield Battery  
  120  8:10  Probe  
  120  8:12  Photon Cannon  
  121  8:14  Shield Battery, Colossus  
  121  8:19  Zealot x4  
  135  8:25  Pylon  
  135  8:27  Pylon x2  
  135  8:35  Gateway  
  135  8:37  Probe x3  
  135  8:38  Gateway  
  135  8:40  Pylon  
  138  8:42  High Templar x2  
  138  8:44  Pylon  
  138  8:47  Archon  
  142  8:49  Zealot x3  
  152  9:05  Probe  
  152  9:09  Probe  
  154  9:10  Photon Cannon  
  154  9:11  Pylon, High Templar x2  
  154  9:16  Archon  
  158  9:17  Zealot x4  
  158  9:36  Zealot x2, Probe x2  
  140  9:42  Zealot  
  140  9:43  Zealot, Probe  
  118  9:46  Zealot x2  
  118  9:48  Probe x2  
  118  9:49  Probe  
  117  9:56  Pylon  
  117  9:57  Pylon  
  115  10:00  High Templar x2  
  115  10:01  Probe x2  
  115  10:04  Probe x2  
  115  10:05  Archon  
  116  10:11  High Templar  
  116  10:12  High Templar x3  
  116  10:13  Probe  
  125  10:15  Archon x2  
  125  10:22  Probe x3, Gateway  
  125  10:24  Gateway  
  125  10:25  Probe  
  125  10:27  Zealot x2, Gateway  
  91  10:39  Zealot x2  
  91  10:42  Probe x2 (Chrono Boost)  
  88  10:45  Probe (Chrono Boost)  
  87  10:51  Probe (Chrono Boost)  
  87  10:53  Probe x2 (Chrono Boost)  
  87  10:54  Probe (Chrono Boost)  
  87  10:55  Zealot x4  
  97  10:58  Zealot, Probe x2 (Chrono Boost)  
  97  11:02  Probe  
  99  11:08  Probe x2  
  95  11:13  High Templar  
  96  11:21  Zealot x3  
  96  11:23  Probe  
  97  11:27  Zealot  
  94  11:35  High Templar  
Tags
 
Add a new tag
Caveats
  • Supply blocks, unpowered buildings, or Contaminate may cause inaccurate times.
  • Supply counts are checked every 10 seconds.